 Dungeon Crawl Stone Soup version 0.30-a0-737-gf23d94013f (webtiles) character file.

Game seed: 9082391125376197591

1132 Leeroy the Slasher (level 8, -1/38 HPs)
             Began as a Vine Stalker Warper on Feb 2, 2023.
             Was a Follower of Wu Jian.
             Succumbed to Crazy Yiuf's poison
             ... on level 5 of the Dungeon.
             The game lasted 00:06:56 (3852 turns).

Leeroy the Slasher (Vine Stalker Warper)            Turns: 3852, Time: 00:06:57

Health: -1/38      AC:  4    Str: 13    XL:     8   Next: 36%
Magic:  12/12      EV: 14    Int: 13    God:    Wu Jian [*.....]
Gold:   185        SH:  0    Dex: 17    Spells: 2/11 levels left

rFire   . . .      SeeInvis .    s - +1 short sword (venom)
rCold   . . .      Faith    .    (no shield)
rNeg    . . .      Spirit   +    F - +2 robe {Archmagi}
rPois   .          Reflect  .    (no helmet)
rElec   .          Harm     .    (no cloak)
rCorr   .          Rampage  .    (no gloves)
Will    +....      Archmagi +    (no boots)
Stlth   ++                       (no amulet)
HPRegen 1.06/turn                (no ring)
MPRegen 0.13/turn                (no ring)

@: lethally poisoned (-1 -> -5)
A: fangs 3, regeneration 1, magic shield, antimagic bite, no potion heal 2
a: Renounce Religion


You were on level 5 of the Dungeon.
You worshipped Wu Jian.
Wu Jian was aware of your devotion.
You visited 2 branches of the dungeon, and saw 6 of its levels.

You collected 185 gold pieces.

Inventory:

Hand Weapons
 a - a +0 falchion
 q - a +1 flail of holy wrath
 s - a +1 short sword of venom (weapon)
 A - a +1 scimitar of venom
 C - a +2 heavy halberd
Missiles
 d - 7 boomerangs of dispersal
 e - a throwing net
 l - 8 boomerangs
 t - 6 curare-tipped darts
Armour
 b - a +0 leather armour
 F - a +2 robe of the Archmagi (worn)
Jewellery
 z - an amulet of the acrobat
 E - a ring of see invisible
Wands
 u - a wand of paralysis (5) (quivered)
 v - a wand of digging (2)
Scrolls
 c - 3 scrolls of blinking
 f - 2 scrolls of teleportation
 i - a scroll of silence
 m - 2 scrolls of poison
 n - a scroll of magic mapping
 o - 2 scrolls of amnesia
 y - 2 scrolls of enchant weapon {unknown}
 D - 3 scrolls of fear {unknown}
Potions
 g - a potion of haste {unknown}
 h - a potion of brilliance {unknown}
 j - a potion of heal wounds
 k - a potion of mutation {unknown}
 p - 3 potions of magic
 r - 2 potions of degeneration {unknown}
 w - a potion of flight {unknown}
 x - a potion of might {unknown}
 B - a potion of resistance


   Skills:
 - Level 1.7 Fighting
 - Level 3.7(5.0) Short Blades
 - Level 5.0(5.6) Long Blades
 - Level 0.8 Throwing
 - Level 0.7 Armour
 - Level 5.0 Dodging
 - Level 2.1 Spellcasting
 - Level 3.0 Translocations
 + Level 3.4 Air Magic


You had 2 spell levels left.
You knew the following spells:

 Your Spells              Type           Power      Damage    Failure   Level
a - Blink                 Tloc           26%        N/A       11%         2
b - Vhi's Electric Charg  Tloc/Air       28%        N/A       21%         3
c - Manifold Assault      Tloc           13%        N/A       58%         4

Your spell library contained the following spells:

 Spells                   Type           Power      Damage    Failure   Level
 Lesser Beckoning         Tloc           26%        N/A       11%         2
 Kiss of Death            Conj/Necr      8%         2d6       26%         1
 Magic Dart               Conj           8%         1d3       26%         1
 Sandblast                Erth           4%         2d4       26%         1
 Passwall                 Tmut/Erth      1%         N/A       36%         2
 Searing Ray              Conj           4%         2d4       36%         2
 Teleport Other           Tloc           13%        N/A       22%         3
 Confusing Touch          Hex            2%         N/A       58%         3
 Stone Arrow              Conj/Erth      4%         3d7       58%         3
 Dispel Undead            Necr           2%         3d7       94%         4
 Fulminant Prism          Conj/Hex       1%         3d5       94%         4
 Leda's Liquefaction      Hex/Erth       1%         N/A       94%         4
 Lee's Rapid Deconstruct  Erth           1%         3d4*      100%        5
 Statue Form              Tmut/Erth      1%         N/A       100%        6


Dungeon Overview and Level Annotations

Branches:
Dungeon (5/15)             Temple (1/1) D:4

Altars:
Ashenzari
Dithmenos
Elyvilon
Fedhas
Gozag
Kikubaaqudgha
Makhleb
Nemelex Xobeh
Ru
Sif Muna
Trog
Uskayaw
Vehumet
Wu Jian
Xom
Yredelemnul
Zin
The Shining One

Shops:
D:5 =

Annotations:
D:5 Crazy Yiuf


Innate Abilities, Weirdness & Mutations

You have razor-sharp teeth.
Your natural rate of healing is unusually fast.
When hurt, damage is shared between your health and your magic reserves.
Your bite disrupts and absorbs the magic of your enemies.
Potions cannot restore your health.


Message History

Could not explore, unopened runed door.
No reachable target in view!
You open the door.
You lunge at Crazy Yiuf.
You hit Crazy Yiuf.
Crazy Yiuf is poisoned.
Crazy Yiuf is lightly wounded.
Crazy Yiuf hits you with a +3 quarterstaff of chaos!
You are poisoned.
There is an open translucent door here.
You hit Crazy Yiuf.
Crazy Yiuf is moderately wounded.
You feel very sick. Crazy Yiuf closely misses you.
You feel very sick.
You feel very sick.
Crazy Yiuf yells, "Proton!
Shadow water wrapper."
Crazy Yiuf attacks as you move away! Crazy Yiuf barely misses you.
You feel sick.
You closely miss Crazy Yiuf. You bite Crazy Yiuf. You drain his power.
You feel invigorated.
Crazy Yiuf is heavily wounded.
You feel sick.
Crazy Yiuf whimpers, "Aardvark disdain sow!"
Crazy Yiuf hits you with a +3 quarterstaff of chaos!
* * * LOW HITPOINT WARNING * * *
You are lethally poisoned!
Okay, then.
Okay, then.
Okay, then.
* * * LOW HITPOINT WARNING * * *
You feel very sick.
Blink to where?
Press: ? - help, Dir - move target
As you read the scroll of blinking, it crumbles to dust.
* * * LOW HITPOINT WARNING * * *
You feel very sick.
It was a potion of magic.
Magic courses through your body.
* * * LOW HITPOINT WARNING * * *
You feel very sick.
It was a potion of heal wounds.
That seemed strangely inert.
You die...

♣.♣♣
#...#.....###
♣♣.♣
#...#.....##∩
♣♣g♣♣
##........###
♣♣P..♣
##...##.### #
♣....♣
#....####
#....# #...##
#....# #....#
#...####...##
##.@.....###
#########


You could see Crazy Yiuf (poisoned).

Vanquished Creatures
  Sigmund (D:5)
  A water moccasin (D:5)
  A black bear (D:4)
  2 ogres (D:5)
  A necrophage (D:5)
  2 hounds (D:5)
  A jelly (D:5)
  2 iguanas (D:5)
  2 orc wizards (D:3)
  A hound skeleton (D:5)
  Robin (D:4)
  13 gnolls
  7 adders
  2 worms
  2 dart slugs
  16 orcs
  2 ball pythons (D:1)
  5 bats
  11 endoplasms
  7 giant cockroaches
  20 goblins
  14 hobgoblins
  6 kobolds
  3 frilled lizards (D:3)
  4 rats
127 creatures vanquished.

Notes
Turn   | Place    | Note
-------+----------+-------------------------------------------
     0 | D:1      | Leeroy the Vine Stalker Warper began the quest for the Orb.
     0 | D:1      | Reached XP level 1. HP: 11/11 MP: 4/4
    57 | D:1      | Reached XP level 2. HP: 3/15 MP: 0/6
   736 | D:2      | Reached XP level 3. HP: 18/18 MP: 7/7
  1308 | D:2      | Gained mutation: Your natural rate of healing is unusually
                  | fast. [Vine Stalker growth]
  1308 | D:2      | Reached XP level 4. HP: 20/23 MP: 6/8
  1526 | D:3      | Found a faded altar of an unknown god.
  1546 | D:3      | Reached XP level 5. HP: 26/26 MP: 7/9
  1573 | D:3      | Reached skill level 5 in Long Blades
  1798 | D:3      | Reached skill level 1 in Short Blades
  1844 | D:3      | Found a shadowy altar of Dithmenos.
  2142 | D:3      | Reached XP level 6. HP: 27/30 MP: 10/10
  2195 | D:4      | Noticed a black bear
  2205 | D:4      | Killed a black bear
  2484 | D:4      | Found a staircase to the Ecumenical Temple.
  2494 | Temple   | Entered the Ecumenical Temple
  2738 | Temple   | Became a worshipper of the Wu Jian Council
  2861 | D:4      | Noticed Robin
  2919 | D:4      | Killed Robin
  3098 | D:5      | Entered Level 5 of the Dungeon
  3107 | D:5      | Reached XP level 7. HP: 27/34 MP: 11/11
  3205 | D:5      | Noticed Sigmund
  3210 | D:5      | Found Epselly's Jewellery Shop.
  3235 | D:5      | Reached * piety under Wu Jian
  3280 | D:5      | Learned a level 2 spell: Blink
  3284 | D:5      | Learned a level 3 spell: Vhi's Electric Charge
  3289 | D:5      | Learned a level 4 spell: Manifold Assault
  3307 | D:5      | Killed Sigmund
  3308 | D:5      | Gained mutation: You have razor-sharp teeth. [Vine Stalker
                  | growth]
  3308 | D:5      | Reached XP level 8. HP: 33/38 MP: 10/12
  3522 | D:5      | Reached skill level 5 in Dodging
  3535 | D:5      | Reached skill level 1 in Air Magic
  3627 | D:5      | Found a burning altar of Makhleb.
  3686 | D:5      | Found a shimmering blue altar of Sif Muna.
  3838 | D:5      | Found a runed translucent door.
  3839 | D:5      | Noticed Crazy Yiuf
  3851 | D:5      | HP: 1/38 [poisoned by Crazy Yiuf]
  3852 | D:5      | Succumbed to Crazy Yiuf's poison

Illustrated notes

Levels and vault maps discovered:
D:1:      spicycebolla_arrival_xxxplode, layout_rooms
D:2:      layout_basic, minmay_misc_feat_tower, serial_bayou_pond_d
D:3:      layout_loops_cross, grunt_dithmenos_smoke_and_mirrors,
          hellmonk_ecumenical_altar_crossroads, minivault_24
D:4:      layout_cave_pools, minmay_temple_entry_slanted, st_stairs_6,
          uniq_robin
D:5:      layout_cave_pools, overflow_temple_1_default,
          makhleb_blood_cavern_becter, kennysheep_small_circle, uniq_sigmund,
          uniq_crazy_yiuf_cottage
Temple:   regret_index_temple_generic_petals

Skill      XL: |  1  2  3  4  5  6  7  8 |
---------------+-------------------------+-----
Long Blades    | 2 3 4 5 |  5.0
Short Blades   | 2 3 |  3.7
Dodging        | 2 4 5 |  5.0
Air Magic      | 3 |  3.4
Fighting       | |  1.7
Throwing       | |  0.8
Armour         | |  0.7
Spellcasting   | |  2.1
Translocations | |  3.0

Action                     |  1- 3 |  4- 6 |  7- 9 || total
---------------------------+-------+-------+-------++-------
  Melee: Falchion          |   112 |    61 |       ||   173
         Bite              |    33 |    65 |    46 ||   144
         Punch             |     1 |     2 |     1 ||     4
         Short sword       |       |   182 |   100 ||   282
   Cast: Vhi's Electric Ch |       |       |     1 ||     1
Ability: Lunge             |       |     2 |     8 ||    10
  Evoke: Wand              |       |     1 |       ||     1
    Use: Scroll            |       |       |     6 ||     6
         Potion            |       |       |     2 ||     2
   Stab: Sleeping          |       |     2 |       ||     2
         Paralysed         |       |     3 |       ||     3
 Armour: Leather armour    |    32 |    46 |     3 ||    81
         Robe              |       |       |     6 ||     6
  Dodge: Dodged            |    66 |   127 |    36 ||   229

Table legend: (Time is in decaauts)
 A = Elapsed time spent in this place.
 B = Non-inter-level travel time spent in this place.
 C = Inter-level travel time spent in this place.
 D = Time resting spent in this place.
 E = Time spent auto-exploring this place.
 F = Levels seen in this place.
 G = Mean time per level.
                   A        B        C        D        E       F      G
               +--------+--------+--------+--------+--------+-----+--------+
         Total |   3824 |   3639 |    185 |    146 |   2494 |   6 |  637.3 |
       Dungeon |   3542 |   3413 |    129 |    146 |   2286 |   5 |  708.4 |
        Temple |    282 |    226 |     56 |      0 |    208 |   1 |  282.0 |
               +--------+--------+--------+--------+--------+-----+--------+

Top non-repeatable levels by time:
     D:3: 938 daAuts
     D:2: 780 daAuts
     D:5: 699 daAuts
     D:4: 584 daAuts
     D:1: 539 daAuts
  Temple: 282 daAuts
